TOP OF THE 1ST |
Oklahoma State Cowboys batting - Pitching for Clemson Tigers : RHP Adam O'Herlihy
|
Pitching: RHP Adam O'Herlihy
|
|
Batting: LHB Bill Bryan
|
0-0: SINGLE (Groundball, 34D)
|
Batting: RHB Joe Sulley
|
0-0: Ball Bill Bryan steals 2nd base 1-0: DOUBLE (Flyball, 8RM) Bill Bryan scores
|
Batting: RHB John Lynch
|
0-0: Ball 1-0: Ball 2-0: Foul Ball, location: 2F 2-1: Ball 3-1: Foul Ball, location: 2F 3-2: Foul Ball, location: 2F 3-2: Strikes out swinging
|
Batting: LHB Cristián Rodríguez
|
0-0: Called Strike 0-1: Ground out 6-3 (Groundball, 6) Joe Sulley to third
|
Batting: RHB Augusto Padilla
|
0-0: Ball 1-0: Called Strike 1-1: Ball 2-1: Foul Ball, location: 2F 2-2: Ball 3-2: Fly out, F7 (Flyball, 7M)
|
Top of the 1st over - 1 run(s), 2 hit(s), 0 error(s), 1 left on base; Oklahoma State 1 - Clemson 0 |
BOTTOM OF THE 1ST |
Clemson Tigers batting - Pitching for Oklahoma State Cowboys : RHP Ron Owen
|
Pitching: RHP Ron Owen
|
|
Batting: LHB Aaron Thompson
|
0-0: Ball 1-0: Called Strike 1-1: Foul Ball, location: 2F 1-2: Ground out 3-1 (Groundball, 3)
|
Batting: SHB Kenneth Cruz
|
0-0: Called Strike 0-1: Ball 1-1: Swinging Strike 1-2: Ball 2-2: SINGLE (Popup, 4MD)
|
Batting: LHB Wally Harris
|
0-0: Ball 1-0: Fly out, F5 (Popup, 5F)
|
Batting: RHB Leonard Harris
|
0-0: Ball 1-0: Foul Ball, location: 2F 1-1: Ball 2-1: Foul Ball, location: 2F 2-2: Ground out 6-3 (Groundball, 6)
|
Bottom of the 1st over - 0 run(s), 1 hit(s), 0 error(s), 1 left on base; Oklahoma State 1 - Clemson 0 |
TOP OF THE 2ND |
Oklahoma State Cowboys batting - Pitching for Clemson Tigers : RHP Adam O'Herlihy
|
Batting: LHB Horace Kramer
|
0-0: Called Strike 0-1: Called Strike 0-2: Ball 1-2: TRIPLE (Line Drive, 8RM)
|
Batting: LHB Bryan Davis
|
0-0: Fly out, F8 (Flyball, 8RM) Runner from 3rd tags up, OUT at HOME
|
Batting: RHB Ryan Williams
|
0-0: Ball 1-0: Fly out, F4 (Line Drive, 4)
|
Top of the 2nd over - 0 run(s), 1 hit(s), 0 error(s), 0 left on base; Oklahoma State 1 - Clemson 0 |
BOTTOM OF THE 2ND |
Clemson Tigers batting - Pitching for Oklahoma State Cowboys : RHP Ron Owen
|
Batting: LHB Peter Puckett
|
0-0: Foul Ball, location: 2F 0-1: Called Strike 0-2: Ball 1-2: Ball 2-2: Ball 3-2: Fly out, F4 (Line Drive, 4)
|
Batting: LHB Frank Vázquez
|
0-0: Ground out 1-3 (Groundball, 13S)
|
Batting: RHB James Taylor
|
0-0: Ball 1-0: DOUBLE (Line Drive, 7LM)
|
Batting: RHB Armando Vega
|
0-0: Ball 1-0: Swinging Strike 1-1: Ball 2-1: TRIPLE (Flyball, 89M) James Taylor scores
|
Batting: RHB Wayne Scott
|
0-0: Called Strike 0-1: Ball 1-1: Ball 2-1: Ball 3-1: Called Strike 3-2: Strikes out swinging
|
Bottom of the 2nd over - 1 run(s), 2 hit(s), 0 error(s), 1 left on base; Oklahoma State 1 - Clemson 1 |
TOP OF THE 3RD |
Oklahoma State Cowboys batting - Pitching for Clemson Tigers : RHP Adam O'Herlihy
|
Batting: LHB César Colón
|
0-0: Foul Ball, location: 2F 0-1: DOUBLE (Line Drive, 9LM)
|
Batting: LHB Bill Bryan
|
0-0: Ball 1-0: Called Strike 1-1: Foul Ball, location: 2F 1-2: Ball 2-2: Foul Ball, location: 2F 2-2: Ground out U3 (Groundball, 3) César Colón to third
|
Batting: RHB Joe Sulley
|
0-0: Called Strike 0-1: Fly out, F7 (Flyball, 78S) Runner from 3rd tags up, SCORES, throw made
|
Batting: RHB John Lynch
|
0-0: Called Strike 0-1: Ball 1-1: Foul Ball, location: 2F 1-2: Ball 2-2: Strikes out swinging
|
Top of the 3rd over - 1 run(s), 1 hit(s), 0 error(s), 0 left on base; Oklahoma State 2 - Clemson 1 |
BOTTOM OF THE 3RD |
Clemson Tigers batting - Pitching for Oklahoma State Cowboys : RHP Ron Owen
|
Batting: LHB Aaron Thompson
|
0-0: Ball 1-0: Called Strike 1-1: Ball 2-1: Ground out 4-3 (Groundball, 34)
|
Batting: SHB Kenneth Cruz
|
0-0: Called Strike 0-1: Ball 1-1: Foul Ball, location: 2F 1-2: Foul Ball, location: 2F 1-2: Ball 2-2: DOUBLE (Flyball, 89M)
|
Batting: LHB Wally Harris
|
0-0: Foul Ball, location: 2F 0-1: Ground out 3-1 (Groundball, 34S) Kenneth Cruz to third
|
Batting: RHB Leonard Harris
|
0-0: Ball 1-0: Swinging Strike 1-1: Fly out, F7 (Flyball, 78XD)
|
Bottom of the 3rd over - 0 run(s), 1 hit(s), 0 error(s), 1 left on base; Oklahoma State 2 - Clemson 1 |
TOP OF THE 4TH |
Oklahoma State Cowboys batting - Pitching for Clemson Tigers : RHP Adam O'Herlihy
|
Batting: LHB Cristián Rodríguez
|
0-0: Called Strike 0-1: Ball 1-1: Foul Ball, location: 2F 1-2: Strikes out swinging
|
Batting: RHB Augusto Padilla
|
0-0: Called Strike 0-1: Ball 1-1: SINGLE (Line Drive, 34D)
|
Batting: LHB Horace Kramer
|
0-0: SINGLE (Groundball, 5D) Augusto Padilla to second
|
Batting: LHB Bryan Davis
|
0-0: Ball 1-0: Fly out, F8 (Flyball, 8RM)
|
Batting: RHB Ryan Williams
|
0-0: Ball 1-0: Ball 2-0: Ball 3-0: Base on Balls Augusto Padilla to third Horace Kramer to second
|
Batting: LHB César Colón
|
0-0: Foul Ball, location: 2F 0-1: Fly out, F7 (Flyball, 78M)
|
Top of the 4th over - 0 run(s), 2 hit(s), 0 error(s), 3 left on base; Oklahoma State 2 - Clemson 1 |
BOTTOM OF THE 4TH |
Clemson Tigers batting - Pitching for Oklahoma State Cowboys : RHP Ron Owen
|
Batting: LHB Peter Puckett
|
0-0: Foul Ball, location: 2F 0-1: Ball 1-1: Ground out 4-3 (Groundball, 4)
|
Batting: LHB Frank Vázquez
|
0-0: Called Strike 0-1: Foul Ball, location: 2F 0-2: Fly out, F9 (Flyball, 89M)
|
Batting: RHB James Taylor
|
0-0: Ball 1-0: Ball 2-0: Swinging Strike 2-1: Swinging Strike 2-2: Ball 3-2: Strikes out swinging
|
Bottom of the 4th over - 0 run(s), 0 hit(s), 0 error(s), 0 left on base; Oklahoma State 2 - Clemson 1 |
TOP OF THE 5TH |
Oklahoma State Cowboys batting - Pitching for Clemson Tigers : RHP Adam O'Herlihy
|
Batting: LHB Bill Bryan
|
0-0: Called Strike 0-1: Foul Ball, location: 2F 0-2: Ball 1-2: Ball 2-2: Ball 3-2: Foul Ball, location: 2F 3-2: SINGLE (Groundball, 34D)
|
Batting: RHB Joe Sulley
|
0-0: Ball Bill Bryan steals 2nd base 1-0: Ball 2-0: Ball 3-0: Called Strike 3-1: Fly out, F4 (Popup, 4MD)
|
Batting: RHB John Lynch
|
0-0: Ball 1-0: Ground out 4-3 (Groundball, 4) Bill Bryan to third
|
Batting: LHB Cristián Rodríguez
|
0-0: Called Strike 0-1: Ball 1-1: Ball 2-1: Called Strike 2-2: Ball 3-2: Foul Ball, location: 2F 3-2: Base on Balls
|
Batting: RHB Augusto Padilla
|
0-0: Called Strike 0-1: Ball 1-1: Ball 2-1: Swinging Strike 2-2: Foul Ball, location: 2F 2-2: Strikes out swinging
|
Top of the 5th over - 0 run(s), 1 hit(s), 0 error(s), 2 left on base; Oklahoma State 2 - Clemson 1 |
BOTTOM OF THE 5TH |
Clemson Tigers batting - Pitching for Oklahoma State Cowboys : RHP Ron Owen
|
Batting: RHB Armando Vega
|
0-0: Fly out, F7 (Line Drive, 7M)
|
Batting: RHB Wayne Scott
|
0-0: Foul Ball, location: 2F 0-1: Called Strike 0-2: Ball 1-2: SINGLE (Groundball, 5S)
|
Batting: LHB Aaron Thompson
|
0-0: Called Strike Wayne Scott steals 2nd base 0-1: Fly out, F7 (Flyball, 7M)
|
Batting: SHB Kenneth Cruz
|
0-0: Foul Ball, location: 2F 0-1: Ball 1-1: Ball 2-1: Called Strike 2-2: Ball 3-2: Foul Ball, location: 2F 3-2: Strikes out swinging
|
Bottom of the 5th over - 0 run(s), 1 hit(s), 0 error(s), 1 left on base; Oklahoma State 2 - Clemson 1 |
TOP OF THE 6TH |
Oklahoma State Cowboys batting - Pitching for Clemson Tigers : RHP Adam O'Herlihy
|
Pitching: LHP Kevin Webb
|
|
Batting: LHB Horace Kramer
|
0-0: Ball 1-0: Ball 2-0: Called Strike 2-1: Ball 3-1: Base on Balls
|
Batting: LHB Bryan Davis
|
0-0: Foul Ball, location: 2F 0-1: Called Strike 0-2: Strikes out looking
|
Batting: RHB Ryan Williams
|
0-0: Ball Horace Kramer is caught stealing 2nd base 1-0: Called Strike 1-1: Ball 2-1: Foul Ball, location: 2F 2-2: Foul Ball, location: 2F 2-2: Strikes out looking
|
Top of the 6th over - 0 run(s), 0 hit(s), 0 error(s), 0 left on base; Oklahoma State 2 - Clemson 1 |
BOTTOM OF THE 6TH |
Clemson Tigers batting - Pitching for Oklahoma State Cowboys : RHP Ron Owen
|
Batting: LHB Wally Harris
|
0-0: Ball 1-0: Swinging Strike 1-1: Ground out 1-3 (Groundball, 15S)
|
Batting: RHB Leonard Harris
|
0-0: Ball 1-0: Ball 2-0: Foul Ball, location: 2F 2-1: Ground out 6-3 (Groundball, 6M)
|
Batting: LHB Peter Puckett
|
0-0: Ball 1-0: Foul Ball, location: 2F 1-1: Foul Ball, location: 2F 1-2: Ball 2-2: DOUBLE (Flyball, 9M) - OUT at third base trying to stretch hit.
|
Bottom of the 6th over - 0 run(s), 1 hit(s), 0 error(s), 0 left on base; Oklahoma State 2 - Clemson 1 |
TOP OF THE 7TH |
Oklahoma State Cowboys batting - Pitching for Clemson Tigers : LHP Kevin Webb
|
Batting: LHB César Colón
|
0-0: Swinging Strike 0-1: Ball 1-1: Ball 2-1: Foul Ball, location: 2F 2-2: DOUBLE (Flyball, 7M)
|
Batting: LHB Bill Bryan
|
0-0: Intentional Walk
|
Batting: RHB Joe Sulley
|
0-0: Ball 1-0: Ball 2-0: Called Strike 2-1: Ball 3-1: SINGLE (Line Drive, 56D) César Colón to third Bill Bryan to second
|
Batting: RHB John Lynch
|
0-0: Ball 1-0: Foul Ball, location: 2F 1-1: SINGLE (Line Drive, 9LS) César Colón scores Bill Bryan to third Joe Sulley to second Runner from 3rd tries for Home, SAFE, throw made home Joe Sulley to third John Lynch to second
|
Batting: LHB Cristián Rodríguez
|
0-0: Called Strike 0-1: Ball 1-1: Foul Ball, location: 2F 1-2: Ball 2-2: Ball 3-2: Foul Ball, location: 2F 3-2: Base on Balls
|
Batting: RHB Augusto Padilla
|
0-0: Ball 1-0: Grounds into fielders choice 4-2 (Groundball, 4) John Lynch to third Cristián Rodríguez to second
|
Batting: LHB Horace Kramer
|
0-0: Swinging Strike 0-1: Foul Ball, location: 2F 0-2: Ball 1-2: Strikes out swinging
|
Pitching: LHP Michael Hays
|
|
Batting: LHB Bryan Davis
|
0-0: Ball 1-0: Ground out 4-3 (Groundball, 4)
|
Top of the 7th over - 2 run(s), 3 hit(s), 0 error(s), 3 left on base; Oklahoma State 4 - Clemson 1 |
BOTTOM OF THE 7TH |
Clemson Tigers batting - Pitching for Oklahoma State Cowboys : RHP Ron Owen
|
Pitching: RHP Kevin Godfrey
|
|
Batting: LHB Frank Vázquez
|
0-0: Ball 1-0: Ball 2-0: Foul Ball, location: 2F 2-1: Ball 3-1: Base on Balls
|
Batting: RHB James Taylor
|
0-0: Called Strike 0-1: Ball 1-1: Foul Ball, location: 2F 1-2: Ball 2-2: Foul Ball, location: 2F 2-2: Strikes out looking
|
Batting: RHB Armando Vega
|
0-0: Ball 1-0: Ball 2-0: Foul Ball, location: 2F 2-1: Foul Ball, location: 2F 2-2: Strikes out swinging
|
Batting: RHB Wayne Scott
|
0-0: Swinging Strike 0-1: Ball 1-1: Ground out U3 (Groundball, 3)
|
Bottom of the 7th over - 0 run(s), 0 hit(s), 0 error(s), 1 left on base; Oklahoma State 4 - Clemson 1 |
TOP OF THE 8TH |
Oklahoma State Cowboys batting - Pitching for Clemson Tigers : LHP Michael Hays
|
Batting: RHB Ryan Williams
|
0-0: Fly out, F7 (Flyball, 7M)
|
Batting: LHB César Colón
|
0-0: Swinging Strike 0-1: Ball 1-1: Ball 2-1: Called Strike 2-2: Ball 3-2: Foul Ball, location: 2F 3-2: Ground out U3 (Groundball, 3)
|
Batting: LHB Bill Bryan
|
0-0: Called Strike 0-1: SINGLE (Line Drive, 6MD)
|
Batting: RHB Joe Sulley
|
0-0: Ball 1-0: Ball 2-0: Ball 3-0: Called Strike 3-1: Foul Ball, location: 2F 3-2: Strikes out swinging
|
Top of the 8th over - 0 run(s), 1 hit(s), 0 error(s), 1 left on base; Oklahoma State 4 - Clemson 1 |
BOTTOM OF THE 8TH |
Clemson Tigers batting - Pitching for Oklahoma State Cowboys : RHP Kevin Godfrey
|
Batting: LHB Aaron Thompson
|
0-0: Called Strike 0-1: Ball 1-1: Swinging Strike 1-2: Ball 2-2: Foul Ball, location: 2F 2-2: Ball 3-2: Base on Balls
|
Pitching: RHP Lorenzo Huerta
|
|
Batting: SHB Kenneth Cruz
|
0-0: Ball 1-0: Foul Ball, location: 2F 1-1: Ball 2-1: Ball 3-1: Foul Ball, location: 2F 3-2: Fly out, F6 (Popup, 7LSF)
|
Pitching: LHP Alan Stewart
|
|
Batting: LHB Wally Harris
|
0-0: Ball 1-0: Called Strike 1-1: Ball 2-1: Ball 3-1: Foul Ball, location: 2F 3-2: Foul Ball, location: 2F 3-2: Foul Ball, location: 2F 3-2: Base on Balls Aaron Thompson to second
|
Pitching: RHP Jesús Hernández
|
|
Batting: RHB Leonard Harris
|
0-0: Fielders Choice at 2nd, 6-4 (Groundball, 6) Aaron Thompson to third
|
Pitching: LHP Dave Lewis
|
|
Batting: LHB Peter Puckett
|
0-0: Foul Ball, location: 2F 0-1: Ball 1-1: Ball 2-1: Swinging Strike 2-2: DOUBLE (Line Drive, 8LM) Aaron Thompson scores Leonard Harris to third Runner from 3rd tries for Home, SAFE, no throw or cutoff
|
Batting: LHB Frank Vázquez
|
0-0: Called Strike 0-1: Ball 1-1: Reached on error, E3 (Groundball, 3) Peter Puckett to third
|
Pitching: RHP Joe James
|
|
Batting: RHB James Taylor
|
0-0: Called Strike 0-1: Ball 1-1: Fly out, F8 (Flyball, 8LM)
|
Bottom of the 8th over - 2 run(s), 1 hit(s), 1 error(s), 2 left on base; Oklahoma State 4 - Clemson 3 |
TOP OF THE 9TH |
Oklahoma State Cowboys batting - Pitching for Clemson Tigers : LHP Michael Hays
|
Pitching: RHP Bob Jordan
|
|
Batting: RHB John Lynch
|
0-0: Foul Ball, location: 2F 0-1: Foul Ball, location: 2F 0-2: Ball 1-2: Ball 2-2: SINGLE (Line Drive, 56D)
|
Batting: LHB Cristián Rodríguez
|
0-0: Ball 1-0: Foul Ball, location: 2F 1-1: Foul Ball, location: 2F 1-2: Grounds into double play, 3-6-3 (Groundball, 3)
|
Batting: RHB Augusto Padilla
|
0-0: Ball 1-0: SINGLE (Groundball, 56D) (infield hit)
|
Batting: LHB Horace Kramer
|
0-0: Called Strike 0-1: Called Strike 0-2: Ground out 4-3 (Groundball, 34)
|
Top of the 9th over - 0 run(s), 2 hit(s), 0 error(s), 1 left on base; Oklahoma State 4 - Clemson 3 |
BOTTOM OF THE 9TH |
Clemson Tigers batting - Pitching for Oklahoma State Cowboys : RHP Joe James
|
Pitching: RHP Stu Morris
|
|
Now at 1B: Cisco Oliva
|
|
Pinch Hitting: LHB Jeff Thompson
|
0-0: Called Strike 0-1: Foul Ball, location: 2F 0-2: Ball 1-2: Strikes out swinging
|
Batting: RHB Wayne Scott
|
0-0: Ball 1-0: Called Strike 1-1: Called Strike 1-2: TRIPLE (Line Drive, 9LM)
|
Batting: LHB Aaron Thompson
|
0-0: Foul Ball, location: 2F 0-1: Swinging Strike 0-2: Ball 1-2: Ball 2-2: Ball 3-2: Strikes out looking
|
Batting: SHB Kenneth Cruz
|
0-0: Ball 1-0: SINGLE (Groundball, 34D) Wayne Scott scores
|
Batting: LHB Wally Harris
|
0-0: Ball 1-0: Ground out 6-3 (Groundball, 6)
|
Bottom of the 9th over - 1 run(s), 2 hit(s), 0 error(s), 1 left on base; Oklahoma State 4 - Clemson 4 |
TOP OF THE 10TH |
Oklahoma State Cowboys batting - Pitching for Clemson Tigers : RHP Bob Jordan
|
Now at 2B: Julián García
|
|
Batting: LHB Bryan Davis
|
0-0: Fly out, F5 (Popup, 25F)
|
Batting: RHB Ryan Williams
|
0-0: Called Strike 0-1: Swinging Strike 0-2: Ball 1-2: Ball 2-2: Strikes out looking
|
Batting: LHB César Colón
|
0-0: Called Strike 0-1: Ball 1-1: Ball 2-1: Foul Ball, location: 2F 2-2: Ball 3-2: Fly out, F8 (Line Drive, 8RS)
|
Top of the 10th over - 0 run(s), 0 hit(s), 0 error(s), 0 left on base; Oklahoma State 4 - Clemson 4 |
BOTTOM OF THE 10TH |
Clemson Tigers batting - Pitching for Oklahoma State Cowboys : RHP Stu Morris
|
Batting: RHB Leonard Harris
|
0-0: Foul Ball, location: 2F 0-1: Ground out 5-3 (Groundball, 5S)
|
Batting: LHB Peter Puckett
|
0-0: Foul Ball, location: 2F 0-1: Ground out U3 (Groundball, 3S)
|
Batting: LHB Frank Vázquez
|
0-0: SOLO HOME RUN (Flyball, 9LD), Distance : 332 ft
|
Monday, December 5th, 2016 - OOTP Baseball 17.12 Build 75
|
|